 Dungeon Crawl Stone Soup version 0.23.0 (webtiles) character file.

Game seed: 17695671319049794241

126 LostNumber the Caller (level 4, -6/36 HPs)
             Began as a Draconian Summoner on Feb 17, 2019.
             Was an Initiate of Nemelex Xobeh.
             Mangled by a worker ant (7 damage)
             ... on level 4 of the Dungeon.
             The game lasted 00:05:25 (3374 turns).

LostNumber the Caller (Draconian Summoner)          Turns: 3374, Time: 00:05:25

Health: -6/36      AC:  6    Str: 13 (15) XL:     4   Next: 83%
Magic:  3/7        EV: 11    Int: 14 (16) God:    Nemelex Xobeh [......]
Gold:   171        SH:  0    Dex: 10 (12) Spells: 2/8 levels left

rFire    + . .     SeeInvis .   u - +0 spear
rCold    + . .     Gourm    .   (no shield)
rNeg     . . .     Faith    .   (armour unavailable)
rPois    .         Spirit   .   (helmet restricted)
rElec    .         Reflect  .   (no cloak)
rCorr    .         Harm     .   (no gloves)
MR       .....                  k - +0 pair of boots (curse)
Stlth    +.........             (no amulet)
HPRegen  0.12/turn              r - ring of wizardry
MPRegen  0.10/turn              i - ring of protection from fire

@: mighty, lethally poisoned (-6 -> -18), flying, heavily drained
A: unfitting armour, stinger 1, cold resistance 1, cold-blooded, AC +5
a: Draw Escape, Draw Destruction, Draw Summoning, Renounce Religion


You were on level 4 of the Dungeon.
You worshipped Nemelex Xobeh.
Nemelex Xobeh was noncommittal.
You were not hungry.

You visited 1 branch of the dungeon, and saw 4 of its levels.

You collected 171 gold pieces.

Inventory:

Hand Weapons
 b - a +0 dagger
   (You found it on level 1 of the Dungeon)
 u - a +0 spear (weapon)
   (You found it on level 1 of the Dungeon)
Armour
 k - a cursed +0 pair of boots (worn)
   (You found it on level 1 of the Dungeon)
Jewellery
 i - a ring of protection from fire (right hand)
   (You found it on level 3 of the Dungeon)
 r - a ring of wizardry (left hand)
   (You found it on level 3 of the Dungeon)
Wands
 c - a wand of disintegration (8)
   (You found it on level 4 of the Dungeon)
Scrolls
 f - 4 scrolls of amnesia {unknown}
 h - 5 scrolls of identify {unknown}
 j - a scroll of fear {unknown}
 m - a scroll of magic mapping {unknown}
 n - 3 scrolls of remove curse {unknown}
 p - a scroll of immolation {unknown}
 t - a scroll of fog {unknown}
Potions
 a - a potion of might
 d - 4 potions of agility
 g - a potion of mutation {!q}
 q - a potion of lignification {unknown}
Comestibles
 e - 7 rations {!d}
 s - 6 chunks of flesh


   Skills:
 + Level 1.8(0.2) Fighting
 + Level 1.4(0.0) Polearms
 + Level 2.3(0.7) Dodging
 - Level 1.7(0.1) Stealth
 + Level 2.6(0.9) Spellcasting
 * Level 4.9(3.2) Summonings
 + Level 0.1(0.0) Invocations


You had 2 spell levels left.
You knew the following spells:

 Your Spells              Type           Power        Failure   Level  Hunger
a - Summon Small Mammal   Summ           #...         2%          1    ##.....
c - Call Canine Familiar  Summ           #.......     9%          3    ####...
x - Call Imp              Summ           #.......     4%          2    ###....

Your spell library contained the following spells:

 Spells                   Type           Power        Failure   Level  Hunger
 Summon Guardian Golem    Hex/Summ       #.......     16%         3    ####...
 Summon Ice Beast         Ice/Summ       #.......     45%         4    #####..
 Summon Lightning Spire   Summ/Air       #.......     45%         4    #####..


Dungeon Overview and Level Annotations

Branches:
Dungeon (4/15)
 Temple: D:4-7

Altars:
Nemelex Xobeh


Innate Abilities, Weirdness & Mutations

Your plain brown scales are hard. (AC +5)
You cannot fit into any form of body armour.
You are cold-blooded and may be slowed by cold attacks.
Your tail ends in a poisonous barb.
Your flesh is cold resistant. (rC+)


Message History

You hit the worker ant.
Your tail-slap misses the worker ant.
You feel sick. The worker ant barely misses you.
You hit the worker ant but do no damage.
You feel sick. The worker ant bites you.
* * * LOW HITPOINT WARNING * * *
You are lethally poisoned!
The worker ant poisons you!
A shadowy apparition takes form in the air.
* * * LOW HITPOINT WARNING * * *
You feel sick. The worker ant bites you!
* * * LOW HITPOINT WARNING * * *
The worker ant barely misses you.
A shadowy apparition takes form in the air.
* * * LOW HITPOINT WARNING * * *
You feel sick. The worker ant bites you.
* * * LOW HITPOINT WARNING * * *
Your shadow imp barely misses the worker ant.
It was a potion of mutation.
You feel extremely strange.
You feel resistant to cold.
A poisonous barb forms on the end of your tail.
* * * LOW HITPOINT WARNING * * *
You feel sick. The worker ant misses you.
Your shadow imp closely misses the worker ant.
Your shadow imp barely misses the worker ant.
It was a potion of degeneration.
There was something very wrong with that liquid.
You feel weakened.
You feel dopey.
You feel clumsy.
* * * LOW HITPOINT WARNING * * *
You feel sick.
The worker ant bites you but does no damage.
Your shadow imp hits the worker ant but does no damage. x2
Wield which item (- for none, * to show all)? (? for menu, Esc to quit)
That's the wrong kind of item! (Use * to select it.) Wield which item (- for none, * to show all)? (? for menu, Esc to quit)
Okay, then.
Unknown command.
It was a potion of might.
You feel very mighty all of a sudden.
* * * LOW HITPOINT WARNING * * *
You feel sick. The worker ant closely misses you.
Your shadow imp hits the worker ant. x2
It was a potion of flight.
You feel very buoyant.
You fly up into the air.
* * * LOW HITPOINT WARNING * * *
You feel sick.
The worker ant bites you but does no damage.
The worker ant bites you!
You die...
Your body disappears without a glow.

....#......#........#
....'......#........#
######.....#........#
.....#.....#........#
)....#'#####........#
....................+
....................#
............###'#####..#
......>.....#...@......#
#####.......'....a5....#
#.......#....5.....#
#.....))######...###
+............#...#
#####............#...#
.................# ..#
..[..............# ..#
.................#


You could see a worker ant and 2 friendly shadow imps.

Vanquished Creatures
  3 adders
  2 oozes (D:3)
  2 worms
  A dart slug (D:1)
  2 leopard geckos (D:2)
  3 orcs
  2 ball pythons (D:1)
  A giant cockroach (D:2)
  A goblin (D:1)
  4 hobgoblins
  A jackal (D:2)
  5 kobolds
  3 quokkas
  3 bats
  A frilled lizard (D:3)
  4 rats
  A plant (D:1)
39 creatures vanquished.

Vanquished Creatures (collateral kills)
  4 adders
  An ooze (D:3)
  2 worms (D:2)
  5 orcs
  A ball python (D:3)
  A goblin (D:3)
  3 jackals (D:2)
  A kobold (D:2)
18 creatures vanquished.

Grand Total: 57 creatures vanquished

Notes
Turn   | Place    | Note
-------+----------+-------------------------------------------
     0 | D:1      | LostNumber the Draconian Summoner began the quest for the
                  | Orb.
     0 | D:1      | Reached XP level 1. HP: 14/14 MP: 3/3
   102 | D:1      | You fall through a shaft!
   627 | D:1      | Reached XP level 2. HP: 22/22 MP: 5/5
   688 | D:1      | Learned a level 2 spell: Call Imp
   941 | D:2      | Reached skill level 1 in Fighting
  1084 | D:2      | Reached XP level 3. HP: 25/28 MP: 3/6
  1301 | D:2      | Learned a level 3 spell: Call Canine Familiar
  1651 | D:2      | Reached skill level 1 in Polearms
  2087 | D:3      | Reached XP level 4. HP: 35/35 MP: 7/7
  2548 | D:3      | Found a sparkling altar of Nemelex Xobeh.
  3214 | D:3      | Became a worshipper of Nemelex Xobeh the Trickster
  3314 | D:4      | Received a gift from Nemelex Xobeh
  3371 | D:4      | Gained mutation: Your flesh is cold resistant. (rC+)
                  | [potion of mutation]
  3371 | D:4      | Gained mutation: Your tail ends in a poisonous barb.
                  | [potion of mutation]
  3374 | D:4      | HP: 1/36 [poisoned by a worker ant]
  3374 | D:4      | Mangled by a worker ant

Skill      XL: |  1  2  3 |
---------------+----------+-----
Dodging        | 2 |  2.3
Fighting       | 1 |  1.8
Polearms       | 1 |  1.4
Stealth        | |  1.7
Spellcasting   | |  2.6
Summonings     | |  4.9
Invocations    | |  0.1

Action                   |  1- 3 |  4- 6 || total
-------------------------+-------+-------++-------
Melee: Spear             |   206 |    81 ||   287
       Tailslap          |    24 |     6 ||    30
       Unarmed           |     4 |       ||     4
 Cast: Summon Small Mamm |     3 |       ||     3
       Call Imp          |    12 |    12 ||    24
       Call Canine Famil |       |     1 ||     1
  Use: Potion            |       |     4 ||     4
 Stab: Sleeping          |     8 |     1 ||     9
       Distracted        |       |     1 ||     1
  Eat: Chunk             |     5 |     5 ||    10
Armor: Skin              |    23 |    24 ||    47
Dodge: Dodged            |    52 |    39 ||    91
